 Dungeon Crawl Stone Soup version 0.19-a0-790-ge39e1af (webtiles) character file.

190 4thArraOfDagon the Chopper (level 5, -5/47 HPs)
             Began as a Minotaur Fighter on June 26, 2016.
             Slain by an ogre
             ... wielding a +0 giant club
              (25 damage)
             ... on level 4 of the Dungeon.
             The game lasted 00:02:23 (1182 turns).

4thArraOfDagon the Chopper (Minotaur Fighter)       Turns: 1182, Time: 00:02:24

Health: -5/47      AC: 10    Str: 21    XL:     5   Next: 41%
Magic:  4/4        EV:  5    Int:  5    God:
Gold:   114        SH:  9    Dex: 10    Spells: 0 memorised, 4 levels left

rFire  . . .     SeeInvis .     l - +1 war axe (chop)
rCold  . . .     Gourm    .     m - +0 chain mail
rNeg   . . .     Faith    .     c - +0 shield
rPois  .         Spirit   .     (helmet restricted)
rElec  .         Dismiss  .     (no cloak)
rCorr  .         Reflect  .     r - +0 pair of gloves
SustAt .         Harm     .     (no boots)
MR     .....                    (no amulet)
Stlth  ..........               (no ring)
                                (no ring)

@: not resistant to hostile enchantments, extremely unstealthy
A: retaliatory headbutt, horns 2
a: no special abilities


You were on level 4 of the Dungeon.
You were not hungry.

You visited 1 branch of the dungeon, and saw 4 of its levels.

You collected 114 gold pieces.

Inventory:

Hand Weapons
 a - a +0 war axe
 l - a +1 war axe of chopping (weapon)
Armour
 b - a +0 scale mail
 c - a +0 shield (worn)
 m - a +0 chain mail (worn)
 r - a +0 pair of gloves (worn)
Jewellery
 p - an uncursed ring of fire
Scrolls
 e - 2 scrolls of remove curse {unknown}
 g - a scroll of fear {unknown}
 h - a scroll of amnesia {unknown}
 j - 3 scrolls of identify {unknown}
 n - a scroll of noise {unknown}
 q - a scroll of teleportation {unknown}
Potions
 d - a potion of might
 o - a potion of ambrosia {unknown}
 s - a potion of lignification {unknown}
Comestibles
 f - a bread ration
 i - 2 meat rations
 k - a beef jerky
 t - 2 chunks of flesh


   Skills:
 + Level 4.6 Fighting
 * Level 5.3 Axes
 + Level 4.8 Armour
 - Level 3.6 Shields


You had 4 spell levels left.
You didn't know any spells.

Dungeon Overview and Level Annotations

Branches:
Dungeon (4/15)
 Temple: D:4-7

Altars:
Dithmenos


Innate Abilities, Weirdness & Mutations

You reflexively headbutt those who attack you in melee.
You have a pair of horns on your head.


Message History

You block the ogre's attack. The orc barely misses you.
You closely miss the orc.
The orc is almost dead.
You hit the ogre.
The ogre is moderately wounded.
You block the ogre's attack. The orc hits you but does no damage.
Unknown command.
You slash the orc!
You kill the orc!
You barely miss the ogre.
The ogre is moderately wounded.
You block the ogre's attack.
You closely miss the ogre. You headbutt the ogre!
The ogre is severely wounded.
The ogre hits you with a giant club.
Your shield and chain mail prevent you from hitting the ogre.
The ogre is severely wounded.
The ogre hits you with a giant club!!
Ouch! That really hurt!
You die...

.........## .)....<....
.. .. .........# ....
.........# #.#. ........
#... ###...###### #...
##.###..O.......## #.#.
......)@.........####.##
...%..............##...#
..................##.#>.
..................##....
........................
....................>...
####.............#......
#............##......
#....................


You could see an ogre.

Vanquished Creatures
  A centaur (D:4)
  5 gnolls
  A dart slug (D:3)
  2 giant geckos (D:3)
  8 orcs
  7 bats
  A giant cockroach (D:1)
  6 goblins
  6 hobgoblins
  2 jackals (D:1)
  3 kobolds
  A quokka (D:4)
  A giant gecko skeleton (D:4)
  2 giant newts (D:1)
  6 rats
52 creatures vanquished.

Notes
Turn   | Place    | Note
--------------------------------------------------------------
     0 | D:1      | 4thArraOfDagon the Minotaur Fighter began the quest for the Orb.
     0 | D:1      | Reached XP level 1. HP: 19/19 MP: 0/0
   219 | D:1      | Reached skill level 3 in Axes
   226 | D:1      | Reached XP level 2. HP: 26/26 MP: 1/1
   503 | D:1      | jacquesderrida: nois
   544 | D:3      | Reached XP level 3. HP: 33/33 MP: 2/2
   670 | D:3      | Found a shadowy altar of Dithmenos.
   966 | D:3      | Reached skill level 4 in Axes
  1026 | D:4      | Reached XP level 4. HP: 40/40 MP: 3/3
  1087 | D:4      | Noticed an ogre
  1127 | D:4      | Noticed a centaur
  1131 | D:4      | Killed a centaur
  1131 | D:4      | Reached skill level 5 in Axes
  1131 | D:4      | Reached XP level 5. HP: 40/47 MP: 4/4
  1182 | D:4      | Slain by an ogre

Vault maps used:
D:1:      minmay_arrival_widening_spiral_wide, st_stairs_4
D:2:      lemuel_doored_altar, first_bread, grunt_decor_one_mirror,
          kennysheep_cross_room
D:3:      minmay_wonky_spiral, nicolae_dithmenos_shadow_blocks
D:4:      gup_sewer_entry_spiral

Skill      XL: |  1  2  3  4 |
---------------+-------------+-----
Axes           | 3 4 5 |  5.3
Fighting       | 4 |  4.6
Armour         | 4 |  4.8
Shields        | |  3.6

Action                   |  1- 3 |  4- 6 || total
-------------------------+-------+-------++-------
Melee: War axe           |   100 |    27 ||   127
       Headbutt          |    13 |     5 ||    18
  Eat: Chunk             |       |     1 ||     1
Armor: Scale mail        |    49 |       ||    49
       Chain mail        |    27 |    12 ||    39
Dodge: Dodged            |    32 |     7 ||    39
Block: Shield            |    58 |    22 ||    80
